 Dungeon Crawl Stone Soup version 0.18-a0-1788-g92de1ac (webtiles) character file.

272756 Chiseanne the Grand Gadgeteer (level 19, -3/187 HPs)
             Began as a Troll Monk on Apr 20, 2016.
             Was the Champion of Pakellas.
             Shot with a bolt by a vault warden (26 damage)
             ... on level 4 of the Vaults.
             The game lasted 04:32:12 (35745 turns).

Chiseanne the Grand Gadgeteer (Troll Monk)         Turns: 35745, Time: 04:32:13

Health: -3/187     AC: 29    Str: 16    XL:     19   Next: 48%
Magic:  38/38      EV:  4    Int:  6    God:    Pakellas [******]
Gold:   200        SH: 18    Dex: 22    Spells: 1 memorised, 17 levels left

rFire  + . .     SeeInvis .     a - +7 long sword of the Omega Point {slice, rElec rPois Str-5}
rCold  + . .     Gourm    +     Y - +9 gold dragon armour of Pantheism {+Blink rPois rF+ rC+ Regen+ Dex-4}
rNeg   + + +     Faith    .     B - +5 shield {reflect}
rPois  +         Spirit   .     t - +0 hat of Monotheism {rPois rN+++ Str-3 Dex+6} (curse)
rElec  +         Dismiss  .     (no cloak)
rCorr  .         Reflect  +     (gloves unavailable)
SustAt +         Harm     .     (boots unavailable)
MR     +....                    (no amulet)
Stlth  ..........               R - ring "Zakechu" {SustAt MP+9 Dex+2 Slay+2}
                                E - ring of positive energy

@: very slightly contaminated, invisible, somewhat resistant to hostile
enchantments, extremely unstealthy
A: unfitting armour, claws 3, fast metabolism 3, gourmand, regeneration 2,
shaggy fur 1, tough skin 2
a: Quick Charge, Device Surge, Supercharge, Renounce Religion, Evoke Blink
}: 2/15 runes: decaying, serpentine


You were on level 4 of the Vaults.
You worshipped Pakellas.
Pakellas was exalted by your worship.
You were very full.

You visited 7 branches of the dungeon, and saw 38 of its levels.
You also visited: Sewer, Ice Cave and Volcano.

You collected 3128 gold pieces.
You spent 2775 gold pieces at shops.

Inventory:

Hand Weapons
 a - the +7 long sword of the Omega Point (weapon) {slice, rElec rPois Str-5}
   (You found it on level 9 of the Dungeon)

   It inflicts extra damage upon your enemies.
   It affects your strength (-5).
   It insulates you from electricity.
   It protects you from poison.
 d - a +8 scimitar of flaming
 s - a +2 flail of protection
 z - a +0 blowgun
 V - a +2 morningstar of holy wrath
Missiles
 f - 3 throwing nets {!*}
 D - 5 curare-tipped needles
 O - 27 large rocks (quivered)
 W - 19 javelins
Armour
 t - the cursed +0 hat of Monotheism (worn) {rPois rN+++ Str-3 Dex+6}
   (You found it on level 3 of the Vaults)

   It affects your strength (-3).
   It affects your dexterity (+6).
   It protects you from poison.
   It renders you almost immune to negative energy.
   It has a curse placed upon it.
 B - a +5 shield of reflection (worn)
 Y - the +9 gold dragon armour of Pantheism (worn) {+Blink rPois rF+ rC+ Regen+ Dex-4}
   (You acquired it on level 14 of the Dungeon)

   It affects your dexterity (-4).
   It protects you from fire.
   It protects you from cold.
   It protects you from poison.
   It lets you blink.
   It increases your rate of regeneration.
Rods
 q - a +9 lightning rod (5/17) {god gift}
   (Pakellas gifted it to you on level 4 of the Dungeon)
 w - a +0 iron rod (8/9)
   (You found it on level 1 of the Swamp)
Jewellery
 E - a ring of positive energy (left claw)
 R - the ring "Zakechu" (right claw) {SustAt MP+9 Dex+2 Slay+2}
   (You took it off an efreet on level 12 of the Dungeon)

   [ring of sustain attributes]

   It sustains your strength, intelligence and dexterity.
   It affects your dexterity (+2).
   It affects your accuracy and damage with ranged weapons and melee attacks
   (+2).
   It affects your magic capacity (+9).
Wands
 c - a wand of confusion (5/48)
 g - a wand of hasting (8/9)
 j - a wand of paralysis (12/24)
 S - a wand of disintegration (5/24)
 Z - a wand of acid (0/15)
Scrolls
 h - 5 scrolls of magic mapping
 l - a scroll of holy word
 p - a scroll of immolation
 F - 7 scrolls of teleportation
 G - a scroll of enchant weapon
 L - 13 scrolls of remove curse
 M - 3 scrolls of fog
 U - 13 scrolls of identify
 X - 2 scrolls of silence
Potions
 b - 5 potions of haste
 i - 12 potions of flight
 k - a potion of ambrosia
 n - 32 potions of magic
 o - a potion of cancellation
 u - 5 potions of lignification
 v - a potion of resistance
 A - a potion of berserk rage
 C - 6 potions of curing
Miscellaneous
 m - a box of beasts
 x - a stone of tremors
 y - a lamp of fire {god gift}
 H - a sack of spiders {used: 6}
Comestibles
 r - 2 chunks of flesh
 J - 20 bread rations
 K - 4 meat rations
 P - 7 beef jerkies


   Skills:
 * Level 11.6 Fighting
 * Level 11.7 Throwing
 - Level 10.4 Armour
 - Level 10.4 Dodging
 - Level 1.1 Stealth
 * Level 14.2 Shields
 - Level 4.0 Unarmed Combat
 * Level 15.5 Evocations


You had 17 spell levels left.
You knew the following spells:

 Your Spells              Type           Power        Failure   Level  Hunger
a - Apportation           Tloc           #.........   100%        1    ##.....


Dungeon Overview and Level Annotations

Branches:
Dungeon (15/15)            Temple (1/1) D:7            Lair (8/8) D:8
  Swamp (4/4) Lair:6        Snake (4/4) Lair:4        Slime (0/6) Lair:7
    Orc (2/2) D:11            Elf (0/3) Orc:2        Vaults (4/5) D:13
 Depths (0/5) D:15
  Crypt: Vaults:2-3

Altars:
Ashenzari
Cheibriados
Dithmenos
Elyvilon
Fedhas
Gozag
Kikubaaqudgha
Makhleb
Nemelex Xobeh
Okawaru
Pakellas
Qazlal
Ru
Sif Muna
Trog
Vehumet
Xom
Yredelemnul
Zin
The Shining One
Beogh
Lugonu

Shops:
D:6 *   D:11 ?   D:13 (   Orc:2 (***   Vaults:2 ((?

Annotations:
Lair:7 exclusion: downstairs
Orc:2 exclusion: upstairs


Innate Abilities, Weirdness & Mutations

You are too large for most types of armour.
You have claws for hands.
Your metabolism is lightning-fast.
You like to eat raw meat.
You heal very quickly.
You are covered in fur (AC +1).
You have very tough skin (AC +2).


Message History

You throw a large rock.
The large rock closely misses the vault warden.
The vault warden shoots a bolt.
The bolt hits you!!
* * * LOW HITPOINT WARNING * * *
Throwing (i - inventory. (,) - cycle):
O - 29 large rocks (quivered)
Press: ? - help, Shift-Dir - straight line, f/p - vault warden
Aim: a vault warden, wielding an enchanted arbalest and wearing a plate armour (lightly wounded)
You throw a large rock. The large rock hits the vault warden!
The vault warden is lightly wounded.
The vault warden shoots a bolt.
You reflect the bolt off your +5 shield of reflection!
The bolt hits the vault warden!
Throwing (i - inventory. (,) - cycle):
O - 28 large rocks (quivered)
Press: ? - help, Shift-Dir - straight line, f/p - vault warden
Aim: a vault warden, wielding an enchanted arbalest and wearing a plate armour (moderately wounded)
You throw a large rock.
The large rock closely misses the vault warden.
The vault warden shoots a bolt.
The bolt hits you!!
You die...
Pakellas says: Back to the drawing board!

.... ... ..
##+###+#######
#.....(......#
#....p.......'
#.......<....#
#...@.((((...#
#...).)......#
#..))).......#
##########+###
.#


You could see a vault warden.

Vanquished Creatures
  the Lernaean hydra (Swamp:4)
  Nikola (Swamp:2)
  A lich (Vaults:3)
  Jorgrun (Swamp:2)
  A sphinx (Vaults:4)
  A tengu reaver (Vaults:3)
  4 thorn hunters
  Kirke (Swamp:2)
  4 greater nagas (Snake:4)
  A fire giant (D:15)
  7 vault wardens
  Aizul (Swamp:3)
  2 frost giants
  A deep elf sorcerer (Vaults:3)
  11 ironheart preservers
  A very ugly thing (Vaults:2)
  3 stone giants
  2 deep elf demonologists
  An eidolon (Vaults:3)
  2 ettins (Vaults:3)
  10 vault guards
  Josephine (D:13)
  The ghost of Chiseanne the Slinger, a journeyman HuHu of Gozag (D:11)
  A crystal guardian (Vaults:2)
  3 yaktaur captains
  3 fire dragons
  3 ice dragons
  The ghost of Yehuk the Grappler, a journeyman TrMo of Cheibriados (D:12)
  3 great orbs of eyes
  2 centaur warriors
  21 hydras
  4 ogre magi
  11 naga warriors
  A rakshasa (D:13)
  Erica (D:9)
  2 catoblepae
  9 alligators
  4 deep troll shamans
  A vampire mage (Vaults:3)
  12 death yaks
  A deep troll earth mage (Vaults:1)
  6 naga sharpshooters (Snake:4)
  3 shock serpents
  3 orc high priests (Orc:2)
  4 deep elf knights
  11 skeletal warriors
  6 deep trolls
  A death drake (shapeshifter) (Vaults:1)
  5 unseen horrors
  A flayed ghost (Vaults:3)
  3 naga ritualists
  2 deep elf archers
  A giant orange brain (Vaults:3)
  5 swamp dragons (Swamp:4)
  9 ironbrand convokers
  7 hill giants
  A phantasmal warrior (Vaults:2)
  2 tengu skeletons (Vaults:1)
  7 griffons
  2 mana vipers
  5 harpies (Vaults:3)
  13 orc knights
  5 deep elf magi
  2 necromancers
  8 orc sorcerers
  4 wizards
  A salamander (Snake:1)
  2 wolf spiders
  3 cyclopes
  23 ugly things
  A manticore (Lair:8)
  3 hornets
  A stone giant skeleton (Vaults:1)
  3 centaur zombies
  Psyche (D:11)
  A guardian serpent (Snake:1)
  6 vault sentinels
  14 black mambas
  21 naga magi
  2 gargoyles
  16 spiny frogs
  A rime drake (shapeshifter) (D:15)
  3 freezing wraiths
  19 yaktaurs
  4 rime drakes
  6 kobold demonologists
  2 efreet
  7 komodo dragons
  3 giant leeches
  A jumping spider (Vaults:2)
  9 trolls
  4 two-headed ogres
  Grinder (Sewer)
  Prince Ribbit (Lair:3)
  A raiju (shapeshifter) (Vaults:4)
  15 blink frogs
  8 bog bodies
  A hornet zombie (D:15)
  A human simulacrum (Vaults:2)
  A boulder beetle (Vaults:1)
  11 slime creatures
  2 redbacks (Vaults:2)
  3 wyverns
  2 vampires
  5 spriggans
  4 wraiths
  3 shadows
  A water elemental (D:14)
  4 basilisks
  2 fire bats (Volcano)
  25 yaks
  A hog (Volcano)
  A basilisk (shapeshifter) (Vaults:2)
  10 hippogriffs
  4 hungry ghosts
  10 swamp worms
  26 vampire mosquitoes
  2 mottled dragons (Vaults:2)
  22 nagas
  A soldier ant (shapeshifter) (Vaults:2)
  5 insubstantial wisps
  8 wargs
  Edmund (D:5)
  14 porcupines
  2 black bears
  23 water moccasins
  10 swamp drakes
  8 wasps
  An ogre skeleton (Vaults:1)
  6 sky beasts
  14 ice beasts
  2 eyes of draining
  24 orc warriors
  A necrophage (D:6)
  28 wolves
  2 phantoms (D:13)
  27 ogres
  7 centaurs
  14 crocodiles
  5 big kobolds
  24 giant frogs
  4 scorpions
  An elf simulacrum (Vaults:1)
  2 howler monkeys
  10 wights
  An electric eel (Lair:4)
  5 crimson imps
  9 hounds
  24 jellies
  A quasit (Sewer)
  2 giant frog zombies (D:10)
  3 iron imps (D:4)
  25 orc priests
  3 centaur skeletons
  10 iguanas
  26 orc wizards
  7 worker ants
  A big kobold zombie (Sewer)
  A hound zombie (D:4)
  A worker ant zombie (D:7)
  5 gnolls
  11 adders
  68 river rats
  4 shadow imps
  2 ufetubi (Sewer)
  4 oozes
  6 worms
  4 dart slugs
  8 giant geckos
  123 orcs
  A bat zombie (Sewer)
  2 giant cockroaches
  4 goblins
  12 hobgoblins
  9 jackals
  5 quokkas
  2 ball pythons
  6 bats
  A giant cockroach zombie (Sewer)
  A giant gecko skeleton (D:4)
  6 giant newts
  34 kobolds
  A kobold zombie (Sewer)
  2 quokka skeletons
  2 quokka zombies
  4 rats
  3 briar patches (Swamp:3)
  2 fungi (Lair:6)
  A plant (D:8)
1278 creatures vanquished.

Vanquished Creatures (collateral kills)
  Mennas (Vaults:4)
  Asterion (Vaults:2)
  Rupert (Lair:3)
  Agnes (D:14)
  A greater naga (Snake:4)
  A vault warden (Vaults:2)
  2 ironheart preservers
  2 vault guards
  An anaconda (Snake:4)
  2 centaur warriors (D:14)
  3 skeletal warriors (D:11)
  A deep troll (Vaults:2)
  A shambling mangrove (Swamp:3)
  An ironbrand convoker (Vaults:2)
  An orc knight (Vaults:4)
  A griffon (D:14)
  3 ugly things
  A vault sentinel (Vaults:2)
  3 spiny frogs
  2 komodo dragons
  4 slime creatures
  A two-headed ogre (Vaults:4)
  A blink frog (Lair:8)
  A bog body (Swamp:2)
  A water elemental (D:14)
  A wraith (D:13)
  Grum (D:8)
  A basilisk (Lair:3)
  A vampire mosquito (Vaults:2)
  2 insubstantial wisps (Swamp:2)
  A water moccasin (Lair:3)
  A porcupine (Lair:3)
  4 orc warriors
  2 swamp drakes (Swamp:3)
  2 wasps (Swamp:3)
  2 ogres
  2 wolves (D:8)
  A big kobold (Sewer)
  5 wights
  An orc wizard (Orc:1)
  A big kobold zombie (Sewer)
  A river rat (Lair:8)
  An ufetubus (Sewer)
  5 orcs
  A kobold (Sewer)
  A fungus (Lair:3)
75 creatures vanquished.

Vanquished Creatures (others)
  A stone giant (Vaults:2)
  A naga sharpshooter (Snake:4)
  A spriggan druid (Swamp:4)
  A cyclops (Vaults:1)
  A manticore (Lair:8)
  A deep elf mage (Volcano)
  A salamander (Snake:1)
  A black mamba (Snake:4)
  3 naga magi (Snake:4)
  A vault sentinel (Vaults:3)
  6 yaktaurs
  3 humans (Swamp:2)
  A vampire mosquito (Swamp:2)
  A naga (Snake:4)
  3 orc warriors
  A swamp drake (Swamp:2)
  A centaur (Volcano)
  2 oozes (Sewer)
  An orc (Orc:1)
  A briar patch (Swamp:3)
  7 fungi
  8 plants
47 creatures vanquished.

Grand Total: 1400 creatures vanquished

Notes
Turn   | Place    | Note
--------------------------------------------------------------
     0 | D:1      | Chiseanne the Troll Monk began the quest for the Orb.
     0 | D:1      | Reached XP level 1. HP: 22/22 MP: 0/0
   280 | D:1      | Reached XP level 2. HP: 22/29 MP: 1/1
   626 | D:2      | Reached XP level 3. HP: 37/37 MP: 2/2
   786 | D:2      | Found an oddly glowing altar of Pakellas.
   791 | D:2      | Became a worshipper of Pakellas the Inventive
   791 | D:2      | Reached * piety under Pakellas
   791 | D:2      | Received a gift from Pakellas
   791 | D:2      | Reached ** piety under Pakellas
   791 | D:2      | Received a gift from Pakellas
  1035 | D:3      | Found a bloodstained altar of Trog.
  1043 | D:3      | Reached XP level 4. HP: 45/45 MP: 3/3
  1049 | D:3      | Reached skill level 1 in Evocations
  1193 | D:3      | Reached XP level 5. HP: 11/54 MP: 4/4
  1199 | D:3      | Reached *** piety under Pakellas
  1199 | D:3      | Received a gift from Pakellas
  1347 | D:3      | Found a glowing drain.
  1360 | Sewer    | Entered a sewer
  1498 | Sewer    | Found a burning altar of Makhleb.
  1514 | Sewer    | Reached **** piety under Pakellas
  1514 | Sewer    | Received a gift from Pakellas
  1524 | Sewer    | Noticed Grinder
  1543 | Sewer    | Killed Grinder
  1543 | Sewer    | Reached skill level 2 in Evocations
  1543 | Sewer    | Reached XP level 6. HP: 63/63 MP: 6/6
  1548 | Sewer    | Noticed an apprentice kobold demonologist
  1564 | Sewer    | Reached XP level 7. HP: 69/71 MP: 7/7
  1573 | Sewer    | Killed an apprentice kobold demonologist
  1573 | Sewer    | Reached skill level 5 in Fighting
  1573 | Sewer    | Reached skill level 3 in Evocations
  2272 | D:4      | Found a burning altar of Makhleb.
  2315 | D:4      | Noticed a hungry ghost
  2326 | D:4      | Killed a hungry ghost
  2326 | D:4      | Reached skill level 5 in Dodging
  2326 | D:4      | Reached XP level 8. HP: 66/81 MP: 9/9
  2558 | D:4      | Reached ***** piety under Pakellas
  2558 | D:4      | Received a gift from Pakellas
  2635 | D:4      | Found a shimmering altar of Xom.
  2687 | D:4      | Reached skill level 4 in Evocations
  2702 | D:4      | Found a basalt altar of Yredelemnul.
  2702 | D:4      | Found a stormy altar of Qazlal.
  2704 | D:4      | Found an iron altar of Okawaru.
  2704 | D:4      | Found a white marble altar of Elyvilon.
  2716 | D:4      | Found a sparkling altar of Nemelex Xobeh.
  2982 | D:5      | Entered Level 5 of the Dungeon
  3350 | D:5      | Noticed Edmund
  3355 | D:5      | Killed Edmund
  3526 | D:5      | Found a glowing silver altar of Zin.
  3527 | D:5      | Found a blossoming altar of Fedhas.
  4182 | D:6      | Reached XP level 9. HP: 77/92 MP: 11/11
  4283 | D:6      | Found Siwkub's Assorted Antiques.
  4303 | D:6      | Bought a brown potion for 22 gold pieces
  4303 | D:6      | Bought a tapered lead wand for 100 gold pieces
  4303 | D:6      | Bought an embroidered robe for 17 gold pieces
  4613 | D:6      | Reached skill level 5 in Evocations
  5091 | D:7      | Reached skill level 1 in Shields
  5210 | D:7      | Found a staircase to the Ecumenical Temple.
  5367 | Temple   | Entered the Ecumenical Temple
  5510 | D:7      | Noticed a hill giant
  5529 | D:7      | Killed a hill giant
  5531 | D:7      | Reached XP level 10. HP: 12/102 MP: 13/13
  5549 | D:7      | Hired Byhod the naga for 153 gold.
  6008 | D:8      | Reached skill level 6 in Evocations
  6555 | D:8      | Noticed Grum
  6578 | D:8      | Killed Grum
  6762 | D:8      | Found a shimmering altar of Xom.
  6936 | D:8      | Found a staircase to the Lair.
  7151 | D:9      | Noticed Erica
  7157 | D:9      | Killed Erica
  7179 | D:9      | Reached ****** piety under Pakellas
  7526 | D:9      | Got a dazzling long sword
  7527 | D:9      | Identified the +7 long sword of the Omega Point {slice, rElec rPois Str-5} (You found it on level 9 of the Dungeon)
  7702 | D:9      | Found a sacrificial altar of Ru.
  7998 | D:10     | Entered Level 10 of the Dungeon
  8013 | D:10     | Reached XP level 11. HP: 35/113 MP: 8/15
  8462 | D:10     | Reached skill level 7 in Evocations
  8852 | D:11     | Noticed a sun demon
  9064 | D:11     | Reached skill level 5 in Shields
  9171 | D:11     | Noticed Chiseanne's ghost (journeyman HuHu)
  9195 | D:11     | Killed Chiseanne's ghost
  9355 | D:11     | Noticed a skeletal warrior
  9384 | D:11     | Killed a skeletal warrior
  9402 | D:11     | Noticed a skeletal warrior
  9403 | D:11     | Noticed a skeletal warrior
  9410 | D:11     | Killed a skeletal warrior
  9411 | D:11     | Noticed a six-headed hydra
  9414 | D:11     | Killed a skeletal warrior
  9428 | D:11     | Killed a six-headed hydra
  9607 | D:11     | Noticed a brown ugly thing
  9633 | D:11     | Killed a brown ugly thing
  9821 | D:11     | Found a staircase to the Orcish Mines.
  9918 | D:11     | Noticed Psyche
  9922 | D:11     | Killed Psyche
 10079 | D:11     | Found Tuneluce's Magic Scroll Shoppe.
 10082 | D:11     | Bought a scroll of recharging for 114 gold pieces
 10082 | D:11     | Bought a scroll of fog for 24 gold pieces
 10082 | D:11     | Bought 2 scrolls of teleportation for 72 gold pieces
 10082 | D:11     | Bought a scroll of identify for 24 gold pieces
 10082 | D:11     | Bought a scroll of identify for 24 gold pieces
 10082 | D:11     | Bought a scroll of identify for 24 gold pieces
 10318 | D:12     | Noticed an eight-headed hydra
 10365 | D:12     | Reached skill level 8 in Evocations
 10408 | D:12     | Noticed a hill giant
 10432 | D:12     | Killed a hill giant
 10432 | D:12     | Reached XP level 12. HP: 122/124 MP: 2/17
 10461 | D:12     | Killed an eight-headed hydra
 10682 | D:12     | Got a vibrating golden ring
 10687 | D:12     | Identified the ring "Zakechu" {SustAt MP+9 Dex+2 Slay+2} (You took it off an efreet on level 12 of the Dungeon)
 10692 | D:12     | Noticed Yehuk's ghost (journeyman TrMo)
 10752 | D:12     | Killed Yehuk's ghost
 10817 | D:12     | Found a blossoming altar of Fedhas.
 11361 | D:11     | Bought a scroll of enchant armour for 90 gold pieces
 11597 | D:13     | Noticed a vault guard
 11609 | D:13     | Killed a vault guard
 11609 | D:13     | Reached skill level 10 in Fighting
 11610 | D:13     | Noticed a vault guard
 11635 | D:13     | Killed a vault guard
 11681 | D:13     | Noticed a vault guard
 11699 | D:13     | Killed a vault guard
 11746 | D:13     | Found Zuoterua's Antique Weapon Emporium.
 11816 | D:13     | Noticed a vault guard
 11818 | D:13     | Noticed a vault guard
 11818 | D:13     | Noticed Josephine
 11837 | D:13     | Noticed a vault guard
 11842 | D:13     | Killed a vault guard
 11843 | D:13     | Killed Josephine
 11843 | D:13     | Reached skill level 10 in Dodging
 11852 | D:13     | Killed a vault guard
 11877 | D:13     | Killed a vault guard
 11877 | D:13     | Reached skill level 9 in Evocations
 11967 | D:13     | Reached XP level 13. HP: 103/135 MP: 18/18
 11976 | D:13     | Noticed a vault guard
 11992 | D:13     | Killed a vault guard
 12007 | D:13     | Noticed a vault guard
 12028 | D:13     | Killed a vault guard
 12292 | D:13     | Found a gate to the Vaults.
 12683 | D:14     | Identified a scroll of acquirement
 12684 | D:14     | Got a distressingly furry gold dragon armour
 12779 | D:14     | Identified the +9 gold dragon armour of Pantheism {+Blink rPois rF+ rC+ Regen+ Dex-4} (You acquired it on level 14 of the Dungeon)
 12788 | D:14     | Noticed Agnes
 12805 | D:14     | Killed Agnes
 12806 | D:14     | Reached skill level 1 in Armour
 13656 | D:15     | Entered Level 15 of the Dungeon
 13701 | D:15     | Found a frozen archway.
 13767 | IceCv    | Entered an ice cave
 13767 | IceCv    | Noticed CrazyArbalest's ghost (journeyman DsGl)
 13798 | D:15     | Noticed a fire giant
 13802 | D:15     | Found a staircase to the Depths.
 13815 | D:15     | Killed a fire giant
 13976 | D:15     | Reached skill level 10 in Evocations
 14331 | D:15     | Reached XP level 14. HP: 104/144 MP: 20/20
 14718 | D:15     | Reached skill level 5 in Armour
 14987 | Orc:1    | Entered Level 1 of the Orcish Mines
 15117 | Orc:1    | Found an iron altar of Okawaru.
 15133 | Orc:1    | Paralysed by an orc sorcerer for 6 turns
 15231 | Orc:1    | Found a dark tunnel.
 15239 | Volcano  | Entered a volcano
 15559 | Orc:1    | Reached skill level 10 in Shields
 15769 | Orc:2    | Entered Level 2 of the Orcish Mines
 15881 | Orc:2    | Found a roughly hewn altar of Beogh.
 16061 | Orc:2    | Found a staircase to the Elven Halls.
 16177 | Orc:2    | Found Wylall's General Store.
 16177 | Orc:2    | Paralysed by an orc sorcerer for 5 turns
 16907 | Orc:2    | Reached skill level 11 in Evocations
 17007 | Orc:2    | Found Qoutuir's Antique Weapon Boutique.
 17008 | Orc:2    | Found Qock's General Store.
 17014 | Orc:2    | Found Eteles's Assorted Antiques.
 17018 | Orc:2    | Bought a scroll of identify for 26 gold pieces
 17018 | Orc:2    | Bought a beef jerky for 19 gold pieces
 17028 | Orc:2    | Bought a scroll of fear for 52 gold pieces
 17040 | Orc:2    | Bought a runed silver ring for 165 gold pieces
 17049 | Orc:2    | Bought a sack of spiders for 260 gold pieces
 17049 | Orc:2    | Bought a wand of disintegration (7/24) for 143 gold pieces
 17049 | Orc:2    | Bought a meat ration for 65 gold pieces
 17059 | Orc:2    | Bought a potion of haste for 150 gold pieces
 17059 | Orc:2    | Bought a meat ration for 75 gold pieces
 17059 | Orc:2    | Bought 3 fruits for 67 gold pieces
 17059 | Orc:2    | Bought a bread ration for 75 gold pieces
 17285 | Lair:1   | Entered Level 1 of the Lair of Beasts
 18948 | Lair:3   | Noticed Rupert
 18955 | Lair:3   | Paralysed by Rupert for 4 turns
 18955 | Lair:3   | Killed Rupert
 18957 | Lair:3   | Reached XP level 15. HP: 152/152 MP: 22/22
 19020 | Lair:3   | Found a sparkling altar of Nemelex Xobeh.
 19193 | Lair:3   | Noticed Prince Ribbit
 19257 | Lair:3   | Killed Prince Ribbit
 20457 | Lair:4   | Found a staircase to the Snake Pit.
 21413 | Lair:5   | Reached skill level 12 in Evocations
 21844 | Lair:6   | Found a staircase to the Swamp.
 22511 | Lair:7   | Found a staircase to the Slime Pits.
 23134 | Lair:8   | Entered Level 8 of the Lair of Beasts
 23570 | Lair:8   | Reached skill level 10 in Armour
 24765 | D:15     | Reached XP level 16. HP: 158/161 MP: 24/24
 25102 | Swamp:1  | Entered Level 1 of the Swamp
 25120 | Swamp:1  | Reached skill level 1 in Throwing
 25346 | Swamp:2  | Noticed Nikola
 25594 | Swamp:2  | Noticed Jorgrun
 25594 | Swamp:2  | Killed Nikola
 25594 | Swamp:2  | Reached skill level 13 in Evocations
 25735 | Swamp:2  | Killed Jorgrun
 25936 | Swamp:2  | Noticed Aizul
 25960 | Swamp:2  | Noticed Kirke
 25976 | Swamp:2  | Killed Kirke
 25980 | Swamp:2  | Noticed a thorn hunter
 25994 | Swamp:2  | Killed a thorn hunter
 26280 | Swamp:3  | Killed Aizul
 26396 | Swamp:3  | Noticed a thorn hunter
 26401 | Swamp:3  | Killed a thorn hunter
 26428 | Swamp:4  | Entered Level 4 of the Swamp
 26471 | Swamp:3  | Reached skill level 5 in Throwing
 26639 | Swamp:4  | Noticed a thorn hunter
 26645 | Swamp:4  | Killed a thorn hunter
 26733 | Swamp:4  | Noticed a thorn hunter
 26741 | Swamp:4  | Killed a thorn hunter
 26979 | Swamp:4  | Noticed the 27-headed Lernaean hydra
 27016 | Swamp:4  | Killed the 21-headed Lernaean hydra
 27110 | Swamp:4  | Got a decaying rune of Zot
 27265 | Swamp:4  | Reached XP level 17. HP: 156/167 MP: 26/26
 27526 | Snake:1  | Entered Level 1 of the Snake Pit
 28047 | D:15     | Learned a level 1 spell: Apportation
 28706 | Snake:4  | Entered Level 4 of the Snake Pit
 29009 | Snake:4  | Reached skill level 14 in Evocations
 29815 | Snake:4  | Got a serpentine rune of Zot
 30137 | Vaults:1 | Entered Level 1 of the Vaults
 30835 | Vaults:1 | Reached XP level 18. HP: 135/176 MP: 27/27
 31832 | Vaults:2 | Reached skill level 10 in Throwing
 32007 | Vaults:2 | Noticed Asterion
 32008 | Vaults:2 | Paralysed by a great orb of eyes for 5 turns
 32225 | Vaults:2 | Found Bukusom's Antique Weapon Shop.
 32226 | Vaults:2 | Found Idenit's Magic Scroll Emporium.
 32248 | Vaults:2 | Killed Asterion
 32291 | Vaults:2 | Bought a scroll of summoning for 114 gold pieces
 32291 | Vaults:2 | Bought a scroll of enchant weapon for 90 gold pieces
 32291 | Vaults:2 | Bought a scroll of immolation for 42 gold pieces
 32291 | Vaults:2 | Bought a scroll of holy word for 90 gold pieces
 32291 | Vaults:2 | Bought a scroll of acquirement for 624 gold pieces
 32299 | Vaults:2 | Got a crude gold dragon armour
 32300 | Vaults:2 | Identified the +10 gold dragon armour "Naxunoah" {rPois rF+ rC+ rN+} (You acquired it on level 2 of the Vaults)
 32967 | Vaults:2 | Reached skill level 15 in Evocations
 33310 | Vaults:2 | Found Asoheam's Antique Weapon Shop.
 33324 | Vaults:2 | Bought an ebony broad axe for 207 gold pieces
 33330 | Vaults:2 | Identified the cursed +1 broad axe of Zin's Castigation {freeze, +Rage} (You bought it in a shop on level 2 of the Vaults)
 33925 | Vaults:3 | Found a radiant altar of Vehumet.
 33926 | Vaults:3 | Noticed a lich
 33931 | Vaults:3 | Killed a lich
 33956 | Vaults:3 | Got a transparent hat
 33957 | Vaults:3 | Identified the cursed +0 hat of Monotheism {rPois rN+++ Str-3 Dex+6} (You found it on level 3 of the Vaults)
 33997 | Vaults:3 | Got a spiked hat
 33998 | Vaults:3 | Identified the +2 hat "Kutaum" {Str+3} (You found it on level 3 of the Vaults)
 34397 | Vaults:3 | Reached XP level 19. HP: 177/185 MP: 29/29
 34415 | Vaults:3 | Chiseanne: I should open a shop with magic potions ...
 34709 | Vaults:3 | pipel: you'd have a huge success among elves, I guess
 34716 | Vaults:3 | Chiseanne: haha yes
 34716 | Vaults:3 | pipel: Such a hipster troll
 34721 | Vaults:3 | pipel: with a SWORD
 34721 | Vaults:3 | pipel: selling MAGIC POTIONS
 34721 | Vaults:3 | Chiseanne: thats pimp, man
 34721 | Vaults:3 | Chiseanne: lol
 35078 | Vaults:3 | HP: 3/187 [vault warden/bardiche (48)]
 35439 | Vaults:4 | Noticed Mennas
 35451 | Vaults:4 | Killed Mennas
 35487 | Vaults:4 | Paralysed by an ogre mage for 3 turns
 35698 | Vaults:4 | HP: 4/187 [orc warrior/long sword[an orc knight] (11)]
 35745 | Vaults:4 | Shot with a bolt by a vault warden

Vault maps used:
D:1:      lightli_arrival_boilingwater, solitary_fountain
D:2:      marbit_many_paths, grunt_decor_fettered, hex_large
D:3:      nicolae_overflow_crystal_walls, portal_sewer_entry_d
D:4:      grunt_temple_overflow_open, demons_altar, xom_teletrap_fun
D:5:      lemuel_ice_spiral_2, gammafunk_temple_overflow_pools, first_bread,
          uniq_edmund
D:6:      serial_shops, shop
D:7:      minmay_temple_entry_purple_smoke, grunt_ogre_cave,
          hangedman_decor_peaks_small, grunt_potential
D:8:      wad_woods_tower, old_standard_altar, lair_0_dummy, uniq_grum
D:9:      nicolae_ru_sacrificial_ziggurat, uniq_erica
D:10:     kennysheep_generic_room_8
D:11:     hiddenorc2_lemuel, serial_shops, kennysheep_mini, uniq_psyche
D:12:     minmay_tri_box, basic_altar
D:13:     erik_vaults_2, serial_shops, shop, uniq_josephine
D:14:     serial_bayou, serial_bayou_pond_d, serial_bayou_ford_a,
          serial_bayou_shore_b, serial_bayou_pond_a, infiniplex_staircase_river,
          uniq_agnes
D:15:     grunt_enter_depths_giant_problem, portal_ice_cave_entry_ice_beasts,
          hangedman_decor_growths
Temple:   corrupted_temple
Lair:1:   serial_bayou_pond_b, beast_lair_carwin_6
Lair:2:   bh_autumn_forest_stairs
Lair:3:   beast_lair_carwin_large_2, basic_altar, st_stairs_6,
          grunt_forest_large_clearings, uniq_rupert, uniq_prince_ribbit2
Lair:4:   guppyfry_snake_entry_garden, grunt_megastairs_3, serial_bayou_shore_a,
          serial_bayou_shore_b, serial_bayou_shore_b
Lair:6:   swamp_mist_pool, serial_bayou_shore_b
Lair:7:   minmay_slime_entry_jelly_boxes
Lair:8:   hangedman_lair_in_review, st_stairs_13,
          grunt_forest_large_clearing_hut
Swamp:1:  evilmike_swamp_ruin_house_2
Swamp:2:  evilmike_swamp_ruin_house_5, uniq_nikola, uniq_jorgrun, uniq_kirke,
          uniq_aizul
Swamp:3:  hangedman_swamp_diagram
Swamp:4:  swamp_old_school, infiniplex_staircase_pool
Snake:1:  nicolae_snakescales
Snake:2:  serial_shops, nicolae_shop_crystal
Snake:4:  snake_pit
Orc:1:    nicolae_volcano_entry_hallway, okawaru_metal_pillars_1_2
Orc:2:    st_orc_elflike, basic_altar
Vaults:1: vaults_dpeg_spiral, v_misc_25, nicolae_vaults_windows_and_doors_thing,
          v_misc_33, vaults_room_corners, nicolae_vaults_little_ls,
          vaults_dpeg_hooks
Vaults:2: hangedman_vaults_capsules, v_misc_18, vaults_room_corners,
          nicolae_vaults_ninety_degrees, v_misc_1,
          vaults_mumra_minichess_inversion, nicolae_vaults_circle_grid_b,
          v_misc_16, nicolae_vaults_little_squares_3, v_alt_pattern_4,
          ontoclasm_vaults_ligature, v_misc_8, ontoclasm_vaults_tryst,
          nicolae_vaults_little_squares_2, vaults_dpeg_ring, serial_shops, shop,
          nicolae_shop_stone, nicolae_shop_overgrown_old_shop, uniq_asterion
Vaults:3: vaults_standard_mumra_x, v_misc_17, grunt_tower_of_power,
          hangedman_vaults_corner_blocks, nicolae_vaults_triangles,
          vaults_room_stairs_pillars, v_misc_25, vaults_room_stairs_pillars,
          minmay_crypt_entry_simple_sparse, v_misc_30, hangedman_vaults_slice,
          ontoclasm_vaults_chip, ontoclasm_vaults_spin
Vaults:4: hangedman_vaults_stream, v_misc_31, v_pattern_1, v_alt_pattern_2,
          v_misc_27, hangedman_vaults_river_flow,
          ontoclasm_vaults_decontamination, nicolae_vaults_little_squares_6,
          uniq_jory, uniq_mennas
Sewer:    kennysheep_sewer_church
IceCv:    ice_cave_small_necro
Volcano:  volcano_village

Skill      XL: |  1  2  3  4  5  6  7  8  9 10 11 12 13 14 15 16 17 18 19 |
---------------+----------------------------------------------------------+-----
Fighting       | 3 4 5 6 7 8 9 10 11 | 11.6
Dodging        | 3 4 5 6 7 8 9 10 | 10.4
Evocations     | 1 2 3 4 5 6 8 9 10 11 12 13 14 15 | 15.5
Shields        | 2 4 6 7 9 10 11 12 13 14 | 14.2
Armour         | 4 7 10 | 10.4
Throwing       | 6 9 11 | 11.7
Stealth        | |  1.1
Unarmed Combat | |  4.0

Action                   |  1- 3 |  4- 6 |  7- 9 | 10-12 | 13-15 | 16-18 | 19-21 || total
-------------------------+-------+-------+-------+-------+-------+-------+-------++-------
Melee: Unarmed           |    87 |   135 |   388 |   183 |       |       |       ||   793
       Punch             |     2 |     2 |     5 |       |       |       |       ||     9
       Long sword        |       |       |       |   427 |  1282 |   365 |    10 ||  2084
       Morningstar       |       |       |       |    34 |       |    18 |       ||    52
       Scimitar          |       |       |       |       |   385 |  1171 |   180 ||  1736
       Flail             |       |       |       |       |    35 |    12 |       ||    47
 Fire: Blowgun           |       |       |       |    26 |    15 |       |       ||    41
Throw: Tomahawk          |       |       |     9 |    10 |     2 |       |       ||    21
       Javelin           |       |       |       |       |     4 |    37 |       ||    41
       Large rock        |       |       |       |       |       |     8 |    37 ||    45
Invok: Quick Charge      |       |       |       |    14 |     3 |     2 |       ||    19
 Abil: Evoke Blink       |       |       |       |       |       |     1 |       ||     1
Evoke: Wand              |       |     5 |    11 |    36 |    34 |    34 |    10 ||   130
       Box of beasts     |       |     2 |       |     8 |    11 |       |       ||    21
       Rod               |       |       |     3 |    59 |   152 |   190 |    29 ||   433
       Lamp of fire      |       |       |     1 |     2 |     3 |     5 |       ||    11
       Deck              |       |       |       |     2 |       |       |       ||     2
       Sack of spiders   |       |       |       |       |     4 |    10 |     2 ||    16
       Stone of tremors  |       |       |       |       |     1 |     2 |       ||     3
  Use: Scroll            |     3 |     5 |     6 |    19 |    16 |    16 |     6 ||    71
       Potion            |       |       |       |     7 |       |     8 |     3 ||    18
 Stab: Sleeping          |     4 |     1 |     4 |     7 |     1 |       |       ||    17
       Distracted        |     1 |       |       |     1 |     1 |       |     1 ||     4
       Paralysed         |       |       |     8 |    24 |     5 |    12 |       ||    49
       Invisible         |       |       |       |       |       |     2 |     1 ||     3
       Confused          |       |       |       |       |       |       |     3 ||     3
  Eat: Chunk             |    15 |     3 |    46 |    70 |   117 |    74 |    17 ||   342
       Beef jerky        |       |       |     1 |       |     2 |     3 |       ||     6
       Fruit             |       |       |       |       |       |    20 |       ||    20
       Royal jelly       |       |       |       |       |       |     5 |       ||     5
       Pizza             |       |       |       |       |       |     4 |       ||     4
       Meat ration       |       |       |       |       |       |     1 |       ||     1
Armor: Robe              |    24 |    35 |    93 |   102 |    10 |       |       ||   264
       Skin              |       |       |       |     2 |       |       |       ||     2
       Gold dragon armou |       |       |       |       |  2160 |  1760 |   238 ||  4158
Dodge: Dodged            |    59 |    75 |   204 |   223 |   450 |   484 |    97 ||  1592
Block: Large shield      |       |       |    92 |   553 |       |       |       ||   645
       Shield            |       |       |       |    34 |  2078 |  2092 |   339 ||  4543
       Reflection        |       |       |       |       |    15 |   118 |    15 ||   148
